 Dungeon Crawl Stone Soup version 0.20.0 (webtiles) character file.

53 Llamajah the Shield-Bearer (level 4, 0/37 HPs)
             Began as a Formicid Fighter on June 16, 2017.
             Killed by nerve-wracking pain
             ... invoked by a shadow imp
             ... summoned by Natasha
              (12 damage)
             ... on level 2 of the Dungeon.
             The game lasted 00:04:08 (845 turns).

Llamajah the Shield-Bearer (Formicid Fighter)        Turns: 845, Time: 00:04:09

Health: 0/37       AC:  6    Str: 20    XL:     4   Next: 11%
Magic:  4/4        EV:  8    Int:  8    God:
Gold:   109        SH:  9    Dex: 11    Spells: 3/3 levels left

rFire    . . .     SeeInvis +   a - +0 war axe
rCold    . . .     Gourm    .   c - +0 shield
rNeg     . . .     Faith    .   b - +0 scale mail
rPois    .         Spirit   .   (helmet unavailable)
rElec    .         Reflect  .   (no cloak)
rCorr    .         Harm     .   (no gloves)
MR       .....                  (no boots)
Stlth    ..........             (no amulet)
Regen    0.2/turn               (no ring)
MPRegen  0.1/turn               (no ring)

@: no status effects
A: permanent stasis, dig shafts and tunnels, four strong arms, antennae 3
a: Dig, Shaft Self


You were on level 2 of the Dungeon.
You were not hungry.

You visited 1 branch of the dungeon, and saw 2 of its levels.

You collected 109 gold pieces.

Inventory:

Hand Weapons
 a - a +0 war axe (weapon)
Armour
 b - a +0 scale mail (worn)
 c - a +0 shield (worn)
Jewellery
 j - an uncursed ring of fire
Scrolls
 g - a scroll of blinking {unknown}
 h - a scroll of identify {unknown}
 i - a scroll of teleportation {unknown}
Potions
 d - a potion of might
 e - 2 potions of curing {unknown}
Comestibles
 f - 2 bread rations
 k - 6 chunks of flesh


   Skills:
 + Level 3.7 Fighting
 + Level 2.4 Axes
 + Level 3.4 Armour
 * Level 1.5 Dodging
 + Level 4.2 Shields


You had 3 spell levels left.
You didn't know any spells.

Dungeon Overview and Level Annotations

Branches:
Dungeon (2/15)

Altars:

Annotations:
D:2 Natasha


Innate Abilities, Weirdness & Mutations

You cannot be hasted, slowed, berserked, paralysed or teleported.
You can dig through walls and to a lower floor.
Your four strong arms can wield two-handed weapons with a shield.
You have a pair of large antennae on your head. (SInv)


Message History

You start resting.
Some of the chunks of flesh in your inventory have rotted away.
A kobold comes into view. It is wielding a dagger of venom.
The kobold shouts!
You hear an angry hiss.
Natasha, Servant of Life and Death comes into view.
Natasha stares at you and mumbles some strange words.
The magic dart hits you!
* * * LOW HITPOINT WARNING * * *
You are too injured to fight recklessly!
You are too injured to fight recklessly!
You barely miss the kobold. You block the kobold's attack. x2
You hit the kobold.
You kill the kobold!
Natasha casts a spell.
Things that are here:
a dagger of venom; a kobold corpse Natasha mumbles some strange words.
The shadow imp gestures at you. Pain shoots through your body!
You die...

########### #........
##....##.(.### #........
#..##....#...# #........
..###♣♣P##(†.####...)....
### ♣P##♣....##÷..5.... #
(♣♣.......#........
..P..♣♣P.P.#..h.....
♣PP.♣. ♣♣.P..)....... #
♣.P . ♣P..@..5..... #
♣♣♣♣. ♣.♣♣♣......... # ♣
...{ ♣.)####### # ♣♣.P
♣♣%....... #
P♣.rPP..##.#### #
...P♣♣.P.# # # ..
..♣§♣♣.# # §P♣ ..# .§P{
...


You could see Natasha, a crimson imp and a shadow imp.

Vanquished Creatures
  A gnoll (D:2)
  A dart slug (D:2)
  2 leopard geckos
  11 bats
  4 goblins
  4 hobgoblins (D:2)
  6 kobolds
  2 quokkas (D:2)
  3 frilled lizards
  3 rats
37 creatures vanquished.

Notes
Turn   | Place    | Note
-------+----------+-------------------------------------------
     0 | D:1      | Llamajah the Formicid Fighter began the quest for the Orb.
     0 | D:1      | Reached XP level 1. HP: 18/18 MP: 1/1
    73 | D:1      | Reached skill level 1 in Dodging
    73 | D:1      | Reached XP level 2. HP: 23/24 MP: 2/2
   581 | D:2      | Reached XP level 3. HP: 29/29 MP: 3/3
   764 | D:2      | Reached skill level 4 in Shields
   812 | D:2      | Reached XP level 4. HP: 16/37 MP: 4/4
   840 | D:2      | Noticed Natasha
   845 | D:2      | Killed from afar by a shadow imp

Skill      XL: |  1  2  3 |
---------------+----------+-----
Dodging        | 1 |  1.5
Shields        | 4 |  4.2
Fighting       | |  3.7
Axes           | |  2.4
Armour         | |  3.4

Action                   |  1- 3 |  4- 6 || total
-------------------------+-------+-------++-------
Melee: War axe           |   135 |     2 ||   137
Armor: Scale mail        |    71 |       ||    71
Dodge: Dodged            |    61 |       ||    61
Block: Shield            |   105 |     2 ||   107
